 Dungeon Crawl Stone Soup version 0.31.0-32-g396128a36d (webtiles) character file.

Game seed: 17345526260625300365

3131 601d51SH the Blocker (level 9, -3/74 HPs)
             Began as a Gnoll Fighter on Apr 2, 2024.
             Killed from afar by an air elemental (15 damage)
             ... with a stunning burst
             ... while paralysed by an air elemental
             ... on level 1 of the Abyss.
             The game lasted 00:16:32 (5130 turns).

601d51SH the Blocker (Gnoll Fighter)                Turns: 5130, Time: 00:16:33

Health: -3/74      AC: 16    Str: 19    XL:     9   Next: 92%
Magic:  16/16      EV:  2    Int:  9    God:
Gold:   349        SH:  0    Dex: 11    Spells: 17/17 levels left

rFire   + + .        s - +4 short sword (drain)
rCold   + . .        c - +0 buckler
rNeg    . . .        u - +2 ring mail {rF+}
rPois   .            y - +0 helmet
rElec   .            i - +2 cloak {Stlth+}
rCorr   .            f - +0 pair of gloves
SInv    .            x - +0 pair of boots
Will    .....        w - amulet of regeneration
Stlth   +++          g - ring of protection from fire
HPRegen 1.12/turn    h - ring of protection from cold
MPRegen 0.15/turn

%: no passive effects
@: paralysed
A: fangs 1, strong nose, distributed training
a: no special abilities


You were on level 1 of the Abyss.
You visited 2 branches of the dungeon, and saw 7 of its levels.
You visited the Abyss 1 time.

You collected 349 gold pieces.

Inventory:

Hand Weapons
 a - a +0 long sword
 q - a +4 quarterstaff of chaos
 s - a +4 short sword of draining (weapon)
 z - a +1 long sword of flaming
 C - a +2 dagger of venom
Missiles
 r - 12 poisoned darts (quivered)
 D - a curare-tipped dart
Armour
 b - a +0 scale mail
 c - a +0 buckler (worn)
 f - a +0 pair of gloves (worn)
 i - a +2 cloak of stealth (worn)
 u - a +2 ring mail of fire resistance (worn)
 x - a +0 pair of boots (worn)
 y - a +0 helmet (worn)
Jewellery
 g - a ring of protection from fire (left hand)
 h - a ring of protection from cold (right hand)
 w - an amulet of regeneration (around neck)
Talismans
 m - a talisman of death
Wands
 d - a wand of flame (23)
 v - a wand of mindburst (13)
 E - a wand of polymorph (8)
Scrolls
 e - 3 scrolls of identify {unknown}
 k - a scroll of vulnerability {unknown}
 l - 4 scrolls of teleportation {unknown}
 n - a scroll of enchant armour {unknown}
 o - 2 scrolls of fog {unknown}
 t - a scroll of revelation {unknown}
 A - a scroll of torment {unknown}
Potions
 j - a potion of brilliance {unknown}
 p - 2 potions of curing {unknown}
 B - a potion of degeneration {unknown}
 F - a potion of invisibility {unknown}


   Skills:
 + Level 8.2 Fighting
 + Level 4.9 Short Blades
 + Level 6.8 Long Blades
 + Level 4.9 Axes
 + Level 4.9 Maces & Flails
 + Level 4.9 Polearms
 + Level 4.9 Staves
 + Level 4.9 Ranged Weapons
 + Level 4.9 Throwing
 + Level 8.2 Armour
 + Level 4.9 Dodging
 + Level 4.9 Stealth
 + Level 8.2 Shields
 + Level 4.9 Unarmed Combat
 + Level 4.9 Spellcasting
 + Level 4.0 Conjurations
 + Level 4.0 Hexes
 + Level 4.0 Summonings
 + Level 4.0 Necromancy
 + Level 4.0 Translocations
 + Level 4.0 Fire Magic
 + Level 4.0 Ice Magic
 + Level 4.0 Air Magic
 + Level 4.0 Earth Magic
 + Level 4.0 Alchemy
 + Level 5.3 Invocations
 + Level 4.9 Evocations
 + Level 4.4 Shapeshifting


You had 17 spell levels left.
You didn't know any spells.
Your spell library contained the following spells:

 Spells                   Type           Power      Damage    Failure   Level
 Freeze                   Ice            36%        1d5       9%          1
 Sandblast                Erth           18%        2d7       9%          1
 Mercury Vapours          Alch/Air       18%        N/A       14%         2
 Frozen Ramparts          Ice            18%        1d3       26%         3
 Hailstorm                Conj/Ice       9%         3d6       26%         3
 Mephitic Cloud           Conj/Alch/Air  9%         N/A       26%         3
 Passwall                 Erth           9%         N/A       26%         3
 Stone Arrow              Conj/Erth      18%        3d8       26%         3
 Volatile Blastmotes      Fire/Tloc      18%        2d11      26%         3
 Brom's Barrelling Bould  Conj/Erth      9%         2d3       65%         4
 Fulminant Prism          Conj/Alch      4%         3d5       65%         4
 Iskenderun's Mystic Bla  Conj/Tloc      9%         2d4       65%         4
 Freezing Cloud           Conj/Ice/Air   4%         6-21      94%         5


Dungeon Overview and Level Annotations

Branches:
Dungeon (8/15)             Temple (1/1) D:7
   Lair: D:8-11

Altars:
Gozag
Kikubaaqudgha
Makhleb
Nemelex Xobeh
Qazlal
Sif Muna
Trog
Yredelemnul


Innate Abilities, Weirdness & Mutations

You have very sharp teeth.
Your uncanny sense of smell can sniff out nearby items.
Your experience applies equally to all skills.


Message History

The orb spider pulsates with a strange energy.
A sun demon comes into view.
The sun demon shouts!
A smoke demon comes into view.
The orb spider weaves a glowing orb of energy.
An orb of destruction comes into view.
The orb spider begins to weave its threads into a brightly glowing ball.
The smoke demon roars!
The orb of destruction hits you!!!
Ouch! That really hurt!
An air elemental comes into view.
The orb spider weaves a glowing orb of energy.
An orb of destruction comes into view.
The air elemental fires a burst of electricity at you.
The stunning burst hits you but does no damage.
You suddenly lose the ability to move!
You can move again.
The air elemental fires a burst of electricity at you.
The stunning burst hits you but does no damage.
You suddenly lose the ability to move!
The orb of destruction hits the sun demon!!!
The air elemental fires a burst of electricity at you.
The stunning burst hits you but does no damage.
A wight comes into view. It is wielding a +0 battleaxe.
The smoke demon gestures at you. The pyre arrow hits you.
You are covered in intense liquid fire!
You can move again.
You shake off some of the fire as you move.
The liquid fire burns you!
The sun demon attacks as it pursues you!
The sun demon hits you!
* * * LOW HITPOINT WARNING * * *
You are engulfed in flames.
You resist.
* * * LOW HITPOINT WARNING * * *
You shake off the liquid fire.
Unknown command.
The air elemental fires a burst of electricity at you.
The stunning burst hits you!
You suddenly lose the ability to move!
You die...

.#.....#.....#...#
...###...###...###..
....#.....#.....#..#.
## ................. .#
.
............°.....###.
...........*....... #..
..#.....#.°...#..##.#
..###...###...## #
...#..@.3#.....#.. # .
..........E........##.#
.................... #.
....................
....#.....#.....#... .
...###...###z..###.#
... #..... .....# .. ..
....... ...... ......
......


You could see a sun demon, an air elemental and a wight.

Vanquished Creatures
  Maurice (D:8)
  Joseph (D:7)
  Maggie (D:6)
  A shadow (D:7)
  A steam dragon (D:6)
  A water moccasin (D:6)
  2 orc warriors
  A sky beast (D:6)
  An ice beast (D:7)
  A black bear (D:6)
  An ogre (D:7)
  A centaur (D:7)
  2 kobold brigands (D:7)
  A scorpion (D:6)
  4 killer bees (D:8)
  4 electric eels (D:6)
  2 bombardier beetles (D:6)
  A jelly (D:7)
  An orc priest (D:7)
  Crazy Yiuf (D:2)
  A hound (D:6)
  Jessica (D:2)
  An iguana (D:7)
  A sleepcap (D:6)
  4 orc wizards
  Terence (D:3)
  6 gnolls (D:6)
  3 adders
  4 ufetubi (D:6)
  3 dart slugs
  22 orcs
  5 bats
  2 endoplasms
  A giant cockroach (D:1)
  27 goblins
  25 hobgoblins
  5 jackals
  A quokka (D:2)
  4 ball pythons
  A frilled lizard (D:1)
  19 kobolds
  8 rats
174 creatures vanquished.

Vanquished Creatures (others)
  4 starspawn tentacles (Abyss:1)
4 creatures vanquished.

Grand Total: 178 creatures vanquished

Notes
Turn   | Place    | Note
-------+----------+-------------------------------------------
     0 | D:1      | 601d51SH the Gnoll Fighter began the quest for the Orb.
     0 | D:1      | Reached XP level 1. HP: 23/23 MP: 1/1
    82 | D:1      | Reached XP level 2. HP: 29/29 MP: 2/2
   875 | D:1      | Reached XP level 3. HP: 35/35 MP: 3/3
  1251 | D:2      | Reached skill level 1 in Invocations
  1350 | D:2      | Reached skill level 1 in Short Blades
  1350 | D:2      | Reached skill level 1 in Axes
  1350 | D:2      | Reached skill level 1 in Maces & Flails
  1350 | D:2      | Reached skill level 1 in Polearms
  1350 | D:2      | Reached skill level 1 in Staves
  1350 | D:2      | Reached skill level 1 in Ranged Weapons
  1350 | D:2      | Reached skill level 1 in Throwing
  1350 | D:2      | Reached skill level 1 in Dodging
  1350 | D:2      | Reached skill level 1 in Stealth
  1350 | D:2      | Reached skill level 1 in Unarmed Combat
  1350 | D:2      | Reached skill level 1 in Spellcasting
  1350 | D:2      | Reached skill level 1 in Evocations
  1486 | D:2      | Noticed Jessica
  1501 | D:2      | Killed Jessica
  1502 | D:2      | Reached skill level 1 in Shapeshifting
  1502 | D:2      | Reached XP level 4. HP: 31/41 MP: 5/5
  1841 | D:2      | Found a runed translucent door.
  1842 | D:2      | Noticed Crazy Yiuf
  1854 | D:2      | Killed Crazy Yiuf
  1855 | D:2      | Reached skill level 1 in Conjurations
  1855 | D:2      | Reached skill level 1 in Hexes
  1855 | D:2      | Reached skill level 1 in Summonings
  1855 | D:2      | Reached skill level 1 in Necromancy
  1855 | D:2      | Reached skill level 1 in Translocations
  1855 | D:2      | Reached skill level 1 in Fire Magic
  1855 | D:2      | Reached skill level 1 in Ice Magic
  1855 | D:2      | Reached skill level 1 in Air Magic
  1855 | D:2      | Reached skill level 1 in Earth Magic
  1855 | D:2      | Reached skill level 1 in Alchemy
  2293 | D:3      | Reached XP level 5. HP: 47/47 MP: 7/7
  2380 | D:3      | Noticed Terence
  2390 | D:3      | Killed Terence
  2526 | D:3      | You fall into a shaft and drop 3 floors!
  2623 | D:6      | Noticed a steam dragon
  2670 | D:6      | Killed a steam dragon
  2671 | D:6      | Reached skill level 5 in Long Blades
  2671 | D:6      | Reached XP level 6. HP: 53/53 MP: 7/9
  2716 | D:6      | Noticed a sky beast
  2732 | D:6      | Killed a sky beast
  2888 | D:6      | Reached XP level 7. HP: 11/60 MP: 10/10
  3521 | D:6      | Reached XP level 8. HP: 55/67 MP: 12/12
  3581 | D:6      | Noticed Maggie
  3620 | D:6      | Killed Maggie
  4348 | D:7      | Noticed a shadow
  4365 | D:7      | Killed a shadow
  4412 | D:7      | Reached XP level 9. HP: 73/73 MP: 14/14
  4414 | D:7      | Found a staircase to the Ecumenical Temple.
  4424 | Temple   | Entered the Ecumenical Temple
  4514 | D:7      | Noticed Joseph
  4541 | D:7      | Killed Joseph
  4632 | D:8      | Noticed Maurice
  4643 | D:8      | Something stole a +4 quarterstaff of chaos
  4644 | D:8      | Something stole a talisman of death
  4650 | D:8      | Something stole 48 gold
  4661 | D:8      | Something stole 12 poisoned darts
  4679 | D:8      | Killed Maurice
  4680 | D:8      | Reached skill level 5 in Invocations
  4706 | D:8      | Found an ancient bone altar of Kikubaaqudgha.
  4828 | D:8      | Found a bloodstained altar of Trog.
  4990 | Abyss:1  | Cast into level 1 of the Abyss (kobold)
  5001 | Abyss:1  | Found a corrupted altar of Lugonu.
  5017 | Abyss:1  | Found a corrupted altar of Lugonu.
  5027 | Abyss:1  | Noticed a tentacled starspawn
  5042 | Abyss:1  | Noticed an ancient zyme
  5060 | Abyss:1  | Noticed a worldbinder
  5069 | Abyss:1  | Found a corrupted altar of Lugonu.
  5090 | Abyss:1  | Noticed a quicksilver dragon
  5097 | Abyss:1  | Noticed an orb spider
  5117 | Abyss:1  | Noticed a sun demon
  5121 | Abyss:1  | Noticed a smoke demon
  5125 | Abyss:1  | Paralysed by an air elemental for 1 turns
  5127 | Abyss:1  | Paralysed by an air elemental for 1 turns
  5130 | Abyss:1  | Paralysed by an air elemental for 1 turns
  5130 | Abyss:1  | Killed from afar by an air elemental

Illustrated notes

Levels and vault maps discovered:
D:1:      minmay_arrival_four_circles, layout_basic
D:2:      layout_basic, serial_co_window_serial, co_window_paths_b,
          co_window_paths_a, co_window_paths_a, co_window_paths_b,
          co_window_paths_a, co_window_unsneaky_path_a, co_window_cross_4,
          co_window_unsneaky_path_a, co_window_paths_c, glass_columns_b,
          glass_columns_a, uniq_jessica, uniq_crazy_yiuf_cottage
D:3:      layout_loops_ring, mainiacjoe_overflow_alcove_1, uniq_terence
D:6:      minmay_goblin_kobold_castle, layout_basic, uniq_maggie
D:7:      layout_loops_ring, zin_scriptorium, marbit_many_paths,
          minmay_temple_entry_statues_fountains, grunt_ministairs_3, uniq_joseph
D:8:      layout_loops_corners, mainiacjoe_overflow_brackets,
          vehumet_altar_wand_db, mainiacjoe_overflow_small_starburst,
          minmay_gold_behind_fungi, uniq_maurice, uniq_grum
Temple:   nicolae_temple_two_arcs
Abyss:1:  base:
D:2

Skill      XL: |  1  2  3  4  5  6  7  8  9 |
---------------+----------------------------+-----
Invocations    | 1 2 3 4 5 |  5.3
Short Blades   | 1 2 3 4 |  4.9
Axes           | 1 2 3 4 |  4.9
Maces & Flails | 1 2 3 4 |  4.9
Polearms       | 1 2 3 4 |  4.9
Staves         | 1 2 3 4 |  4.9
Ranged Weapons | 1 2 3 4 |  4.9
Throwing       | 1 2 3 4 |  4.9
Dodging        | 1 2 3 4 |  4.9
Stealth        | 1 2 3 4 |  4.9
Unarmed Combat | 1 2 3 4 |  4.9
Spellcasting   | 1 2 3 4 |  4.9
Evocations     | 1 2 3 4 |  4.9
Shapeshifting  | 1 2 3 4 |  4.4
Conjurations   | 1 2 3 4 |  4.0
Hexes          | 1 2 3 4 |  4.0
Summonings     | 1 2 3 4 |  4.0
Necromancy     | 1 2 3 4 |  4.0
Translocations | 1 2 3 4 |  4.0
Fire Magic     | 1 2 3 4 |  4.0
Ice Magic      | 1 2 3 4 |  4.0
Air Magic      | 1 2 3 4 |  4.0
Earth Magic    | 1 2 3 4 |  4.0
Alchemy        | 1 2 3 4 |  4.0
Long Blades    | 5 6 |  6.8
Fighting       | 7 8 |  8.2
Armour         | 7 8 |  8.2
Shields        | 7 8 |  8.2

Action                     |  1- 3 |  4- 6 |  7- 9 || total
---------------------------+-------+-------+-------++-------
  Melee: Long sword        |   117 |    43 |       ||   160
         Bite              |     9 |    10 |    41 ||    60
         Short sword       |       |    61 |   448 ||   509
    Use: Potion            |       |       |     1 ||     1
   Stab: Sleeping          |       |       |     4 ||     4
 Armour: Scale mail        |    75 |    19 |       ||    94
         Ring mail         |       |   100 |   302 ||   402
  Dodge: Dodged            |    62 |    92 |   228 ||   382
  Block: Buckler           |    34 |    42 |   124 ||   200
